 Dungeon Crawl Stone Soup version 0.21.1-1-g345015f (webtiles) character file.

3511 CougarLife the Blocker (level 10, -14/80 HPs)
             Began as a Gnoll Fighter on June 10, 2018.
             Was an Elder of Okawaru.
             Demolished by a two-headed ogre
             ... wielding a +0 giant spiked club
              (23 damage)
             ... on level 8 of the Dungeon.
             The game lasted 00:12:09 (8536 turns).

CougarLife the Blocker (Gnoll Fighter)              Turns: 8536, Time: 00:12:10

Health: -14/80     AC:  9    Str: 20 (23) XL:     10   Next: 8%
Magic:  16/17      EV: 15    Int:  7 (10) God:    Okawaru [****..]
Gold:   303        SH: 13    Dex: 13 (16) Spells: 18/18 levels left

rFire    + . .     SeeInvis .   a - +0 war axe
rCold    . . .     Gourm    .   c - +0 shield
rNeg     . . .     Faith    .   b - +0 scale mail
rPois    .         Spirit   .   (no helmet)
rElec    .         Reflect  .   (no cloak)
rCorr    .         Harm     .   (no gloves)
MR       .....                  (no boots)
Stlth    +++.......             (no amulet)
HPRegen  0.23/turn              x - +2 ring of strength
MPRegen  0.15/turn              D - ring of protection from fire

@: heroism
A: distributed training, fangs 1, strong nose
a: Heroism, Renounce Religion


You were on level 8 of the Dungeon.
You worshipped Okawaru.
Okawaru was greatly pleased with you.
You were hungry.

You visited 2 branches of the dungeon, and saw 9 of its levels.
You also visited: Ossuary.

You collected 303 gold pieces.

Inventory:

Hand Weapons
 a - a +0 war axe (weapon)
Armour
 b - a +0 scale mail (worn)
 c - a +0 shield (worn)
Jewellery
 v - a cursed ring of stealth {unknown}
 x - a +2 ring of strength (left hand)
 D - a ring of protection from fire (right hand)
Wands
 k - a wand of scattershot (5)
Scrolls
 d - a scroll of enchant armour {unknown}
 i - 2 scrolls of enchant weapon {unknown}
 l - 2 scrolls of remove curse {unknown}
 m - 2 scrolls of amnesia {unknown}
 o - 5 scrolls of teleportation
 p - 3 scrolls of blinking {unknown}
 t - 4 scrolls of immolation {unknown}
 w - 2 scrolls of magic mapping {unknown}
 y - a scroll of random uselessness {unknown}
 B - a scroll of fog {unknown}
 C - a scroll of fear {unknown}
Potions
 e - 2 potions of brilliance
 h - 3 potions of flight
 n - 3 potions of curing
 r - 2 potions of haste
 s - a potion of lignification {unknown}
 u - a potion of ambrosia {unknown}
 z - a potion of degeneration
 A - a potion of agility
Comestibles
 f - 9 rations


   Skills:
 + Level 8.2(13.2) Fighting
 + Level 4.8(9.8) Short Blades
 + Level 4.8(9.8) Long Blades
 + Level 6.7(11.7) Axes
 + Level 4.8(9.8) Maces & Flails
 + Level 4.8(9.8) Polearms
 + Level 4.8(9.8) Staves
 + Level 4.8(9.8) Slings
 + Level 4.8(9.8) Bows
 + Level 4.8(9.8) Crossbows
 + Level 4.8(9.8) Throwing
 + Level 8.2(13.2) Armour
 + Level 4.8(9.8) Dodging
 + Level 4.8(9.8) Stealth
 + Level 8.2(13.2) Shields
 + Level 4.8(9.8) Unarmed Combat
 + Level 4.8 Spellcasting
 + Level 4.0 Conjurations
 + Level 4.0 Hexes
 + Level 4.0 Charms
 + Level 4.0 Summonings
 + Level 4.0 Necromancy
 + Level 4.0 Translocations
 + Level 4.0 Transmutations
 + Level 4.0 Fire Magic
 + Level 4.0 Ice Magic
 + Level 4.0 Air Magic
 + Level 4.0 Earth Magic
 + Level 4.0 Poison Magic
 + Level 5.3 Invocations
 + Level 4.8 Evocations


You had 18 spell levels left.
You didn't know any spells.

Dungeon Overview and Level Annotations

Branches:
Dungeon (8/15)             Temple (1/1) D:7
   Lair: D:8-11

Altars:
Ashenzari
Cheibriados
Elyvilon
Fedhas
Gozag
Hepliaklqana
Kikubaaqudgha
Makhleb
Nemelex Xobeh
Okawaru
Qazlal
Ru
Sif Muna
Trog
Vehumet
Wu Jian
Yredelemnul
Zin
The Shining One

Annotations:
D:8 Gastronok


Innate Abilities, Weirdness & Mutations

Your experience applies equally to all skills.
You have very sharp teeth.
Your uncanny sense of smell can sniff out nearby items.


Message History

You hit the two-headed ogre.
The two-headed ogre is lightly wounded.
You closely miss the two-headed ogre.
The two-headed ogre is lightly wounded.
The two-headed ogre barely misses you. You block the two-headed ogre's attack.
You hit the two-headed ogre. You bite the two-headed ogre.
The two-headed ogre is lightly wounded.
The two-headed ogre hits you with a giant spiked club!!
* * * LOW HITPOINT WARNING * * *
You block the two-headed ogre's attack.
You slash the two-headed ogre!
The two-headed ogre is heavily wounded.
You hit the two-headed ogre but do no damage.
The two-headed ogre is heavily wounded.
The two-headed ogre barely misses you. You block the two-headed ogre's attack.
You slash the two-headed ogre!
The two-headed ogre is heavily wounded.
The two-headed ogre completely misses you.
The two-headed ogre hits you with a giant spiked club!!
You die...

#.##.#.# # .. #.
#.#..#.### ... #.
#......(## ....#.
#.......## ....#.#####
#.......## ..........#
#......(## ..........#
#.......## #.....O..#
#......... #.....@..#
#.......## #......).#
#.......##
#......).#####.......##
#.....>[...............
####.############......
... ####### ..). .....
∆ ###


You could see a two-headed ogre.

Vanquished Creatures
  2 hippogriffs
  The ghost of Lizzin the Sneak, an amateur SpEn (D:4)
  Eustachio (D:6)
  A hungry ghost (D:7)
  An ice beast (D:6)
  3 orc warriors
  2 sky beasts (D:7)
  6 ogres
  A necrophage (D:2)
  2 centaurs (D:8)
  2 bullfrogs (D:7)
  A wyvern zombie (Ossuary)
  A scorpion (D:5)
  A crimson imp (D:5)
  A jelly (D:6)
  2 centaur zombies (Ossuary)
  4 bullfrog zombies (Ossuary)
  2 orc priests (D:8)
  A hound (D:5)
  4 orc wizards
  6 worker ants
  A killer bee zombie (Ossuary)
  4 hound zombies (Ossuary)
  A hound skeleton (D:7)
  13 mummies (Ossuary)
  4 worker ant zombies
  A howler monkey zombie (Ossuary)
  4 gnolls (D:3)
  2 howler monkey skeletons
  8 adders
  2 shadow imps (D:5)
  An adder zombie (D:5)
  An adder skeleton (D:6)
  3 worms
  A dart slug (D:3)
  A leopard gecko (D:2)
  20 orcs
  8 bats
  7 giant cockroaches
  10 goblins
  7 hobgoblins
  7 jackals
  A ball python (D:4)
  4 frilled lizards
  A jackal zombie (Ossuary)
  9 kobolds
  2 leopard gecko zombies (Ossuary)
  2 quokka zombies (Ossuary)
  6 rats
176 creatures vanquished.

Vanquished Creatures (others)
  2 withered plants (Ossuary)
2 creatures vanquished.

Grand Total: 178 creatures vanquished

Notes
Turn   | Place    | Note
-------+----------+-------------------------------------------
     0 | D:1      | CougarLife the Gnoll Fighter began the quest for the Orb.
     0 | D:1      | Reached XP level 1. HP: 23/23 MP: 1/1
     2 | D:1      | Noticed a troll
     4 | D:1      | Noticed a vine stalker
     4 | D:1      | Noticed a ghoul
     6 | D:1      | Noticed a merfolk
     6 | D:1      | Noticed a centaur
     8 | D:1      | Noticed a demonspawn
     8 | D:1      | Noticed an octopode
    10 | D:1      | Noticed a vampire
    10 | D:1      | Noticed a felid
    12 | D:1      | Noticed a tengu
    15 | D:1      | Noticed a dwarf
    15 | D:1      | Noticed an ogre
    17 | D:1      | Noticed a human
    17 | D:1      | Noticed a demigod
    19 | D:1      | Noticed a minotaur
    19 | D:1      | Noticed a halfling
    21 | D:1      | Noticed a spriggan
    23 | D:1      | Noticed a naga
    23 | D:1      | Noticed an elf
    25 | D:1      | Noticed a formicid
    25 | D:1      | Noticed a draconian
    27 | D:1      | Noticed a gargoyle
    95 | D:1      | Reached XP level 2. HP: 29/29 MP: 2/2
   488 | D:1      | Reached XP level 3. HP: 34/35 MP: 3/3
   925 | D:2      | Reached skill level 1 in Invocations
  1063 | D:2      | Reached skill level 1 in Short Blades
  1063 | D:2      | Reached skill level 1 in Long Blades
  1063 | D:2      | Reached skill level 1 in Maces & Flails
  1063 | D:2      | Reached skill level 1 in Polearms
  1063 | D:2      | Reached skill level 1 in Staves
  1063 | D:2      | Reached skill level 1 in Slings
  1063 | D:2      | Reached skill level 1 in Bows
  1063 | D:2      | Reached skill level 1 in Crossbows
  1063 | D:2      | Reached skill level 1 in Throwing
  1063 | D:2      | Reached skill level 1 in Dodging
  1063 | D:2      | Reached skill level 1 in Stealth
  1063 | D:2      | Reached skill level 1 in Unarmed Combat
  1063 | D:2      | Reached skill level 1 in Spellcasting
  1063 | D:2      | Reached skill level 1 in Evocations
  1063 | D:2      | Reached XP level 4. HP: 38/41 MP: 5/5
  1146 | D:2      | Noticed a necrophage
  1155 | D:2      | Killed a necrophage
  1155 | D:2      | Reached skill level 1 in Conjurations
  1155 | D:2      | Reached skill level 1 in Hexes
  1155 | D:2      | Reached skill level 1 in Charms
  1155 | D:2      | Reached skill level 1 in Summonings
  1155 | D:2      | Reached skill level 1 in Necromancy
  1155 | D:2      | Reached skill level 1 in Translocations
  1155 | D:2      | Reached skill level 1 in Transmutations
  1155 | D:2      | Reached skill level 1 in Fire Magic
  1155 | D:2      | Reached skill level 1 in Ice Magic
  1155 | D:2      | Reached skill level 1 in Air Magic
  1155 | D:2      | Reached skill level 1 in Earth Magic
  1155 | D:2      | Reached skill level 1 in Poison Magic
  1155 | D:2      | Reached XP level 5. HP: 39/45 MP: 5/7
  2052 | D:3      | Found an iron altar of Okawaru.
  2314 | D:3      | Reached XP level 6. HP: 51/51 MP: 8/8
  2445 | D:3      | Became a worshipper of Warmaster Okawaru
  3366 | D:4      | Reached skill level 5 in Axes
  3370 | D:4      | Found a bloodstained altar of Trog.
  3628 | D:4      | Noticed Lizzin's ghost (amateur SpEn)
  3652 | D:4      | Killed Lizzin's ghost
  3652 | D:4      | Reached * piety under Okawaru
  3652 | D:4      | Reached XP level 7. HP: 40/57 MP: 10/10
  3885 | D:5      | Entered Level 5 of the Dungeon
  4037 | D:5      | Found a sand-covered staircase.
  4053 | Ossuary  | Entered an ossuary
  4253 | Ossuary  | Reached XP level 8. HP: 50/65 MP: 12/12
  4423 | Ossuary  | Reached ** piety under Okawaru
  5877 | D:6      | Reached *** piety under Okawaru
  5877 | D:6      | Reached XP level 9. HP: 36/70 MP: 11/14
  6574 | D:6      | Noticed Eustachio
  6587 | D:6      | Killed Eustachio
  7372 | D:7      | Reached skill level 5 in Invocations
  7706 | D:7      | Found a staircase to the Ecumenical Temple.
  7715 | Temple   | Entered the Ecumenical Temple
  7919 | D:8      | Reached **** piety under Okawaru
  7942 | D:8      | Reached XP level 10. HP: 60/78 MP: 17/17
  8046 | D:8      | Noticed Gastronok
  8526 | D:8      | Noticed a two-headed ogre
  8536 | D:8      | Demolished by a two-headed ogre

Skill      XL: |  1  2  3  4  5  6  7  8  9 10 |
---------------+-------------------------------+-----
Invocations    | 1 2 3 4 5 |  5.3
Short Blades   | 1 2 3 4 |  4.8
Long Blades    | 1 2 3 4 |  4.8
Maces & Flails | 1 2 3 4 |  4.8
Polearms       | 1 2 3 4 |  4.8
Staves         | 1 2 3 4 |  4.8
Slings         | 1 2 3 4 |  4.8
Bows           | 1 2 3 4 |  4.8
Crossbows      | 1 2 3 4 |  4.8
Throwing       | 1 2 3 4 |  4.8
Dodging        | 1 2 3 4 |  4.8
Stealth        | 1 2 3 4 |  4.8
Unarmed Combat | 1 2 3 4 |  4.8
Spellcasting   | 1 2 3 4 |  4.8
Evocations     | 1 2 3 4 |  4.8
Conjurations   | 1 2 3 4 |  4.0
Hexes          | 1 2 3 4 |  4.0
Charms         | 1 2 3 4 |  4.0
Summonings     | 1 2 3 4 |  4.0
Necromancy     | 1 2 3 4 |  4.0
Translocations | 1 2 3 4 |  4.0
Transmutations | 1 2 3 4 |  4.0
Fire Magic     | 1 2 3 4 |  4.0
Ice Magic      | 1 2 3 4 |  4.0
Air Magic      | 1 2 3 4 |  4.0
Earth Magic    | 1 2 3 4 |  4.0
Poison Magic   | 1 2 3 4 |  4.0
Axes           | 5 6 |  6.7
Fighting       | 7 8 |  8.2
Armour         | 7 8 |  8.2
Shields        | 7 8 |  8.2

Action                   |  1- 3 |  4- 6 |  7- 9 | 10-12 || total
-------------------------+-------+-------+-------+-------++-------
Melee: War axe           |   100 |   131 |   445 |    43 ||   719
       Bite              |    15 |    19 |    72 |    10 ||   116
Invok: Heroism           |       |       |     4 |     2 ||     6
  Use: Scroll            |       |     3 |     4 |       ||     7
       Potion            |       |     1 |     1 |    12 ||    14
 Stab: Distracted        |       |       |     1 |       ||     1
       Sleeping          |       |       |     1 |       ||     1
  Eat: Chunk             |     1 |     8 |    10 |     1 ||    20
       Ration            |       |       |     2 |       ||     2
Armor: Scale mail        |    35 |    49 |   119 |     8 ||   211
Dodge: Dodged            |    34 |    52 |   159 |    22 ||   267
Block: Shield            |    58 |    65 |   246 |    22 ||   391
